 Dungeon Crawl Stone Soup version 0.17.1-3-g152610e (webtiles) character file.

123 F1L1N the Skirmisher (level 5, -2/46 HPs)
             Began as a Hill Orc Fighter on Feb 27, 2016.
             Slain by Crazy Yiuf
             ... wielding a +3 quarterstaff of chaos
              (5 damage)
             ... on level 3 of the Dungeon.
             The game lasted 00:04:51 (2389 turns).

F1L1N the Skirmisher (Hill Orc Fighter)             Turns: 2389, Time: 00:04:53

Health: -2/46      AC:  9    Str: 20    XL:     5   Next: 7%
Magic:  5/5        EV:  7    Int: 13    God:
Gold:   204        SH:  0    Dex: 10    Spells: 0 memorised, 4 levels left

rFire  . . .     SeeInvis .     a - +0 flail
rCold  . . .     Clarity  .     b - +1 scale mail
rNeg   . . .     SustAt   .     c - +0 shield
rPois  .         Gourm    .     (no helmet)
rElec  .         Spirit   .     (no cloak)
rCorr  .         Warding  .     o - +0 pair of gloves
rMut   .         Stasis   .     (no boots)
MR     .....                    (no amulet)
Stlth  ..........               (no ring)
                                (no ring)

@: confused, brilliant, lethally poisoned (-2 -> -14), flying, very slightly
contaminated, drained, invisible, not resistant to hostile enchantments,
extremely unstealthy
A: no striking features
a: no special abilities


You were on level 3 of the Dungeon.
You were very hungry.

You visited 1 branch of the dungeon, and saw 3 of its levels.

You collected 204 gold pieces.

Inventory:

Hand Weapons
 a - a +0 flail (weapon)
Armour
 b - a +1 scale mail (worn)
 c - a +0 shield (worn)
 o - a +0 pair of gloves (worn)
Wands
 n - a wand of frost (19)
 p - a wand of cold (7)
Scrolls
 g - a scroll of remove curse
Potions
 d - a potion of might
 q - 2 potions of poison
Comestibles
 e - 2 bread rations
 h - 2 meat rations
 j - a slice of pizza
 s - a beef jerky


   Skills:
 + Level 4.2(4.0) Fighting
 + Level 3.0(2.8) Maces & Flails
 + Level 4.0(3.8) Armour
 + Level 1.4(1.2) Dodging
 + Level 4.1(3.9) Shields


You had 4 spell levels left.
You didn't know any spells.

Dungeon Overview and Level Annotations

Branches:
Dungeon (3/15)

Altars:
Cheibriados
Gozag

Annotations:
D:3 Crazy Yiuf


Message History

It is a scroll of enchant armour.
Enchant which item? (? for menu, Esc to quit)
Your +0 scale mail glows green for a moment.
* * * LOW HITPOINT WARNING * * *
You feel sick.
Crazy Yiuf hits you with a quarterstaff of chaos.
* * * LOW HITPOINT WARNING * * *
You are more poisoned.
Crazy Yiuf closely misses you.
* * * LOW HITPOINT WARNING * * *
You feel sick.
There is an open door here.
Drink which item? (? for menu, Esc to quit)
You are confused.
You feel invigorated.
You feel yourself speed up.
* * * LOW HITPOINT WARNING * * *
You feel sick.
Crazy Yiuf hits you with a quarterstaff of chaos.
You die...

#.#......### #....# #.#...#####
.......[.# ♣....♣ #.###.#####
#........### ♣...♣♣ #.##......#
#####......# ♣♣.♣♣ #.....###.#
...........# ♣.♣♣ #..#..# #.#
_.....##.#.# ♣♣.♣ #####.# #.##
.........#.# ♣.♣♣ #####.###..#
........##.# ♣♣.♣ #......###.#
...........# ##@## #......###.#
........#..# #.g.# #.....<.##.#
...........# #...# #.....#..#.#
.......#...# #..)# #.....##...#
.......#.#.# ##### #..........#
.....#.....# #......)....
...........#### #####...........
.........)....# #...............
..............####.........##....


You could see Crazy Yiuf.

Vanquished Creatures
  A worker ant (D:3)
  4 adders
  An ooze (D:1)
  2 worms (D:2)
  3 giant geckos
  A ball python (D:2)
  6 bats
  A giant cockroach (D:3)
  2 goblins (D:2)
  6 hobgoblins
  4 jackals (D:1)
  10 kobolds
  5 giant newts
  6 rats
52 creatures vanquished.

Notes
Turn   | Place    | Note
--------------------------------------------------------------
     0 | D:1      | F1L1N the Hill Orc Fighter began the quest for the Orb.
     0 | D:1      | Reached XP level 1. HP: 19/19 MP: 1/1
   180 | D:1      | Reached XP level 2. HP: 16/27 MP: 2/2
   741 | D:1      | Reached XP level 3. HP: 33/33 MP: 3/3
  1086 | D:1      | Reached skill level 4 in Fighting
  1278 | D:2      | Reached skill level 1 in Dodging
  1677 | D:2      | Reached XP level 4. HP: 33/40 MP: 4/4
  2115 | D:3      | Found an opulent altar of Gozag.
  2160 | D:3      | Found a snail-covered altar of Cheibriados.
  2178 | D:3      | Reached XP level 5. HP: 39/46 MP: 5/5
  2369 | D:3      | Noticed Crazy Yiuf
  2388 | D:3      | HP: 1/46 [poisoned by Crazy Yiuf]
  2389 | D:3      | Slain by Crazy Yiuf

Action                   |  1- 3 |  4- 6 || total
-------------------------+-------+-------++-------
Melee: Flail             |   133 |    76 ||   209
  Use: Scroll            |     3 |     1 ||     4
       Potion            |       |     7 ||     7
  Eat: Chunk             |     2 |     2 ||     4
